 Dungeon Crawl Stone Soup version 0.19-a0-628-g9200b3b (webtiles) character file.

8 Krapule the Insei (level 2, 0/21 HPs)
             Began as a Demonspawn Transmuter on June 13, 2016.
             Slain by a giant gecko (4 damage)
             ... on level 1 of the Dungeon.
             The game lasted 00:00:57 (452 turns).

Krapule the Insei (Demonspawn Transmuter)            Turns: 452, Time: 00:00:58

Health: 0/21       AC:  2    Str: 10    XL:     2   Next: 0%
Magic:  4/5        EV: 12    Int: 14    God:
Gold:   30         SH:  0    Dex: 13    Spells: 1 memorised, 4 levels left

rFire  . . .     SeeInvis .       - Unarmed
rCold  . . .     Gourm    .     b - +0 robe
rNeg   . . .     Faith    .     (no shield)
rPois  .         Spirit   .     (helmet restricted)
rElec  .         Dismiss  .     (no cloak)
rCorr  .         Reflect  .     (no gloves)
SustAt .         Harm     .     (boots currently unavailable)
MR     .....                    (no amulet)
Stlth  +.........               (no ring)
                                (no ring)

@: appendage (expiring), not resistant to hostile enchantments, very unstealthy
A: horns 1, talons 3
a: End Transformation


You were on level 1 of the Dungeon.
You were not hungry.
You had grown temporary talons.
You visited 1 branch of the dungeon, and saw 1 of its levels.

You collected 30 gold pieces.

Inventory:

Missiles
 a - 12 arrows
Armour
 b - a +0 robe (worn)
Books
 c - a book of Changes

   Spells                             Type                      Level
   a - Beastly Appendage              Transmutation                1
   b - Sticks to Snakes               Transmutation                2
   c - Spider Form                    Transmutation/Poison         3
   d - Ice Form                       Ice/Transmutation            4
   e - Blade Hands                    Transmutation                5
Comestibles
 d - a bread ration


   Skills:
 + Level 1.0 Fighting
 + Level 2.0 Dodging
 + Level 2.8 Unarmed Combat
 + Level 2.1 Spellcasting
 + Level 1.8 Transmutations


You had 4 spell levels left.
You knew the following spells:

 Your Spells              Type           Power        Failure   Level  Hunger
a - Beastly Appendage     Tmut           #.....       14%         1    #......


Dungeon Overview and Level Annotations

Branches:
Dungeon (1/15)

Altars:


Innate Abilities, Weirdness & Mutations

You have a pair of small horns on your head.
You have claws for feet.


Message History

The giant gecko bites you.
You closely miss the giant gecko. The giant gecko barely misses you.
You hit the giant gecko but do no damage.
The giant gecko bites you.
You closely miss the giant gecko. The giant gecko completely misses you.
You barely miss the giant gecko. Your kick misses the giant gecko.
The giant gecko barely misses you.
You closely miss the giant gecko. The giant gecko bites you.
* * * LOW HITPOINT WARNING * * *
You barely miss the giant gecko. The giant gecko bites you.
* * * LOW HITPOINT WARNING * * *
The giant gecko closely misses you.
You closely miss the giant gecko. You claw the giant gecko.
Your headbutt misses the giant gecko.
The giant gecko is lightly wounded.
The giant gecko misses you.
You hit the giant gecko.
The giant gecko is moderately wounded.
The giant gecko bites you.
You die...

#.#.#.#..
##........
#..#.#.#..
######.........
##.....†.#.#.#..
#.......).......
#..####.###.##.#
...#.####..# #.#
#....#
....Ksl@...# #.#
####.#
....sr###.## #.#
#.# ..... #.#
#.# #.# .... #.#
#.# ##.# ... ...
..# #... .. ..#
#.# #... . ###
#... #### #####


You could see a giant gecko, 2 giant cockroaches, a kobold and a rat.

Vanquished Creatures
  A giant gecko (D:1)
  A goblin (D:1)
  A hobgoblin (D:1)
  A kobold (D:1)
  2 bats (D:1)
6 creatures vanquished.

Notes
Turn   | Place    | Note
--------------------------------------------------------------
     0 | D:1      | Krapule the Demonspawn Transmuter began the quest for the Orb.
     0 | D:1      | Reached XP level 1. HP: 15/15 MP: 3/3
   443 | D:1      | Gained mutation: You have a pair of small horns on your head. [demonic ancestry]
   443 | D:1      | Reached XP level 2. HP: 15/21 MP: 3/5
   452 | D:1      | Slain by a giant gecko

Vault maps used:
D:1:      lightli_arrival_statue_moat, serial_glass, glass_columns_a,
          glass_columns_a, glass_columns_a, glass_columns_b,
          minmay_strange_pillars, feat_on_display

Skill      XL: |  1 |
---------------+----+-----
Dodging        | 2 |  2.0
Fighting       | |  1.0
Unarmed Combat | |  2.8
Spellcasting   | |  2.1
Transmutations | |  1.8

Action                   || total
-------------------------++-------
Melee: Unarmed           ||    37
       Kick              ||     1
 Cast: Beastly Appendage ||     1
 Stab: Sleeping          ||     3
Armor: Robe              ||     9
Dodge: Dodged            ||    25
